 Dungeon Crawl Stone Soup version 0.30-a0-728-gc68057be0a (webtiles) character file.

Game seed: 6529170083793743123

324 jimonade the Sneak (level 6, -3/32 HPs)
             Began as a Vine Stalker Brigand on Jan 31, 2023.
             Slain by a steam dragon (6 damage)
             ... on level 4 of the Dungeon.
             The game lasted 00:05:27 (2606 turns).

jimonade the Sneak (Vine Stalker Brigand)           Turns: 2606, Time: 00:05:28

Health: -3/32      AC:  9    Str: 18    XL:     6   Next: 48%
Magic:  0/7        EV:  7    Int: 11    God:
Gold:   182        SH:  0    Dex: 18    Spells: 5/5 levels left

rFire   . . .      SeeInvis .    a - +6 spear "Nopu" {freeze, +Blink Str+5}
rCold   . . .      Faith    .    (no shield)
rNeg    . . .      Spirit   +    i - +0 chain mail
rPois   .          Reflect  .    (no helmet)
rElec   .          Harm     .    c - +0 cloak
rCorr   .          Rampage  .    (no gloves)
Will    .....                    (no boots) Stlth
                                 (no amulet)
HPRegen 1.05/turn                (no ring)
MPRegen 0.10/turn                (no ring)

@: no status effects
A: fangs 2, regeneration 1, magic shield, antimagic bite, no potion heal 2
a: Evoke Blink


You were on level 4 of the Dungeon.
You visited 1 branch of the dungeon, and saw 4 of its levels.

You collected 182 gold pieces.

Inventory:

Hand Weapons
 a - the +6 spear "Nopu" (weapon) {freeze, +Blink Str+5}
   (You found it on level 2 of the Dungeon)

   Str:       It affects your strength (+5).
   +Blink:    It lets you blink.
 b - a +0 short sword of draining
 j - a +4 spear
 n - a +0 sling
 q - a +2 dagger
Missiles
 d - 16 poisoned darts (quivered)
 e - 3 curare-tipped darts
Armour
 c - a +0 cloak (worn)
 g - a +0 ring mail
 i - a +0 chain mail (worn)
 m - a +0 robe
 t - a +0 ring mail
Wands
 u - a wand of digging (4)
Scrolls
 l - a scroll of identify
Potions
 f - a potion of magic {unknown}
 h - a potion of brilliance
 k - a potion of curing {unknown}
 o - 2 potions of mutation {unknown}
 p - a potion of flight {unknown}
 s - a potion of invisibility {unknown}
 v - a potion of heal wounds {unknown}


   Skills:
 + Level 2.9 Fighting
 - Level 3.0 Short Blades
 * Level 2.6 Polearms
 - Level 1.7 Throwing
 + Level 2.3 Armour
 + Level 1.4 Dodging
 - Level 5.2 Stealth


You had 5 spell levels left.
You didn't know any spells.
Your spell library contained the following spells:

 Spells                   Type           Power      Damage    Failure   Level
 Beastly Appendage        Tmut           0%         N/A       99%         1
 Wereblood                Tmut           0%         N/A       100%        2
 Spider Form              Tmut/Pois      0%         N/A       100%        3


Dungeon Overview and Level Annotations

Branches:
Dungeon (4/15)
 Temple: D:4-7

Altars:
Hepliaklqana
Ru
Vehumet


Innate Abilities, Weirdness & Mutations

You have extremely sharp teeth.
Your natural rate of healing is unusually fast.
When hurt, damage is shared between your health and your magic reserves.
Your bite disrupts and absorbs the magic of your enemies.
Potions cannot restore your health.


Message History

You are engulfed in a cloud of scalding steam.
Things that are here:
a +0 dagger; a goblin corpse You are too injured to fight recklessly!
A hobgoblin comes into view.
The hobgoblin shouts!
The steam dragon barely misses you.
The steam dragon claws you but does no damage.
You are too injured to fight recklessly!
You are too injured to fight recklessly!
The steam dragon breathes steam at you. The ball of steam misses you.
You are too injured to fight recklessly!
You puncture the kobold! You freeze the kobold.
You kill the kobold!
You are engulfed in a cloud of scalding steam.
* * * LOW HITPOINT WARNING * * *
The steam dragon closely misses you. The steam dragon claws you.
* * * LOW HITPOINT WARNING * * *
The steam dragon bites you.
* * * LOW HITPOINT WARNING * * *
The steam dragon claws you.
* * * LOW HITPOINT WARNING * * *
Things that are here:
a +0 dagger; a kobold corpse You are too injured to fight recklessly!
Throw: 17 darts (poison)
Press: ? - help, Q - select action, (/) - cycle Shift-Dir - straight line, f - steam dragon
Aim: a steam dragon (catching its breath, 62% to hit)
You throw a poisoned dart.
The poisoned dart barely misses the steam dragon.
The steam dragon bites you.
* * * LOW HITPOINT WARNING * * *
The steam dragon claws you.
* * * LOW HITPOINT WARNING * * *
You puncture the steam dragon! You freeze the steam dragon.
You bite the steam dragon, but do no damage.
The steam dragon is heavily wounded.
The steam dragon bites you.
You die...

......#....#......>........#
......#.##.................#
.....#.#..................#
....$#.#.#...#.###........#
........#...# ##########
..........###
........)[######
........D......#.
###.....§@.......
#...g..§........
........§........
###..............
######§........ #§........
#......... ##........


You could see a steam dragon and a hobgoblin.

Vanquished Creatures
  An ogre (D:3)
  A scorpion (D:4)
  Ijyb (D:3)
  An orc wizard (D:3)
  4 gnolls (D:3)
  3 adders (D:2)
  A shadow imp (D:3)
  A dart slug (D:1)
  4 orcs (D:3)
  4 ball pythons
  3 endoplasms
  A giant cockroach (D:1)
  4 goblins
  5 hobgoblins
  4 kobolds
  5 quokkas
  5 bats
  6 frilled lizards
  7 rats
61 creatures vanquished.

Vanquished Creatures (others)
  A goblin (D:4)
1 creature vanquished.

Grand Total: 62 creatures vanquished

Notes
Turn   | Place    | Note
-------+----------+-------------------------------------------
     0 | D:1      | jimonade the Vine Stalker Brigand began the quest for the
                  | Orb.
     0 | D:1      | Reached XP level 1. HP: 11/11 MP: 2/2
    23 | D:1      | Reached skill level 5 in Stealth
   169 | D:1      | Reached XP level 2. HP: 15/15 MP: 3/3
   896 | D:1      | Found a faded altar of an unknown god.
   898 | D:1      | Reached XP level 3. HP: 18/18 MP: 4/4
  1079 | D:2      | Reached skill level 1 in Dodging
  1352 | D:2      | Found a sacrificial altar of Ru.
  1557 | D:2      | Gained mutation: Your natural rate of healing is unusually
                  | fast. [Vine Stalker growth]
  1557 | D:2      | Reached XP level 4. HP: 20/23 MP: 5/5
  1564 | D:2      | Identified the +6 spear "Nopu" {freeze, +Blink Str+5}
  1879 | D:3      | Noticed an ogre
  1886 | D:3      | Killed an ogre
  1887 | D:3      | Reached skill level 1 in Polearms
  1887 | D:3      | Reached skill level 1 in Armour
  1887 | D:3      | Reached XP level 5. HP: 16/27 MP: 3/6
  1990 | D:3      | Found a radiant altar of Vehumet.
  2137 | D:3      | Reached XP level 6. HP: 32/32 MP: 7/7
  2171 | D:3      | Noticed Ijyb
  2176 | D:3      | Killed Ijyb
  2193 | D:3      | Found a hazy altar of Hepliaklqana.
  2596 | D:4      | Noticed a steam dragon
  2606 | D:4      | Slain by a steam dragon

Illustrated notes

Levels and vault maps discovered:
D:1:      minmay_arrival_solitary_statue, layout_loops_ring,
          shapermc_ecumenical_altar_totnotflames, nrook_campfire,
          chequers_serial_rivers_large_b
D:2:      layout_rooms, basic_altar
D:3:      layout_basic, nzn_hepliaklqana_mist_gate, nicolae_vehumet_radiance,
          uniq_ijyb
D:4:      layout_rooms, mainiacjoe_overflow_paths,
          minmay_temple_entry_butterflies, enter_ossuary_1, serial_bayou_pond_d,
          grunt_tough_drop

Skill      XL: |  1  2  3  4  5  6 |
---------------+-------------------+-----
Stealth        | 5 |  5.2
Short Blades   | 2 3 |  3.0
Fighting       | 2 |  2.9
Dodging        | 1 |  1.4
Polearms       | 1 2 |  2.6
Armour         | 1 2 |  2.3
Throwing       | |  1.7

Action                     |  1- 3 |  4- 6 || total
---------------------------+-------+-------++-------
  Melee: Dagger            |    78 |       ||    78
         Bite              |    25 |     9 ||    34
         Short sword       |     5 |       ||     5
         Spear             |       |    66 ||    66
  Throw: Dart              |       |     1 ||     1
    Use: Scroll            |     3 |     6 ||     9
   Stab: Sleeping          |     4 |       ||     4
 Armour: Chain mail        |    48 |    20 ||    68
         Ring mail         |     2 |       ||     2
  Dodge: Dodged            |    17 |    12 ||    29

Table legend: (Time is in decaauts)
 A = Elapsed time spent in this place.
 B = Non-inter-level travel time spent in this place.
 C = Inter-level travel time spent in this place.
 D = Time resting spent in this place.
 E = Time spent auto-exploring this place.
 F = Levels seen in this place.
 G = Mean time per level.
                   A        B        C        D        E       F      G
               +--------+--------+--------+--------+--------+-----+--------+
         Total |   2643 |   2475 |    168 |    295 |   1731 |   4 |  660.8 |
       Dungeon |   2643 |   2475 |    168 |    295 |   1731 |   4 |  660.8 |
               +--------+--------+--------+--------+--------+-----+--------+

Top non-repeatable levels by time:
     D:1: 1078 daAuts
     D:2: 795 daAuts
     D:3: 664 daAuts
     D:4: 104 daAuts
